 Dungeon Crawl Stone Soup version 0.22.1-1-ga44c0e5 (webtiles) character file.

361 Harpaggios the Insei (level 6, -3/42 HPs)
             Began as a Gnoll Transmuter on Oct 16, 2018.
             Was an Initiate of Hepliaklqana.
             Slain by Grinder (8 damage)
             ... on level 4 of the Dungeon.
             The game lasted 00:29:07 (3297 turns).

Harpaggios the Insei (Gnoll Transmuter)             Turns: 3297, Time: 00:29:08

Health: -3/42      AC:  3    Str: 13    XL:     6   Next: 66%
Magic:  14/14      EV: 15    Int: 16    God:    Hepliaklqana [......]
Gold:   312        SH:  0    Dex: 16    Spells: 11/15 levels left

rFire    . . .     SeeInvis .   t - +1 dire flail (protect)
rCold    . . .     Gourm    .   (shield currently unavailable)
rNeg     . . .     Faith    .   b - +1 robe
rPois    .         Spirit   .   (no helmet)
rElec    .         Reflect  .   (no cloak)
rCorr    .         Harm     +   (no gloves)
MR       .....                  (no boots)
Stlth    ++........             r - amulet of harm
HPRegen  0.14/turn              (no ring)
MPRegen  0.14/turn              (no ring)

@: no status effects
A: distributed training, reduced essence, fangs 1, strong nose
a: Recall Ancestor, Ancestor Identity, Renounce Religion


You were on level 4 of the Dungeon.
You worshipped Hepliaklqana.
Hepliaklqana was noncommittal.
You were hungry.

You visited 2 branches of the dungeon, and saw 5 of its levels.

You collected 312 gold pieces.

Inventory:

Hand Weapons
 t - a +1 dire flail of protection (weapon)
Missiles
 a - 53 arrows
 s - 3 exploding tomahawks (quivered)
Armour
 b - a +1 robe (worn)
 p - a +1 ring mail of fire resistance
Jewellery
 r - an amulet of harm (around neck)
Scrolls
 c - 2 scrolls of identify
 e - a scroll of immolation {unknown}
 f - 2 scrolls of remove curse
 g - a scroll of teleportation
 h - a scroll of fog {unknown}
 i - a scroll of blinking {unknown}
 l - a scroll of random uselessness {unknown}
 m - a scroll of enchant armour
 o - a scroll of amnesia {unknown}
 u - a scroll of magic mapping {unknown}
Potions
 j - 2 potions of curing
 k - a potion of magic
 n - a potion of might {unknown}
 q - a potion of brilliance {unknown}
 v - a potion of heal wounds {unknown}
Comestibles
 d - 7 rations
 w - 2 chunks of flesh


   Skills:
 + Level 3.3 Fighting
 + Level 2.0 Short Blades
 + Level 2.0 Long Blades
 + Level 2.0 Axes
 + Level 2.0 Maces & Flails
 + Level 2.0 Polearms
 + Level 2.0 Staves
 + Level 2.0 Slings
 + Level 2.0 Bows
 + Level 2.0 Crossbows
 + Level 2.0 Throwing
 + Level 2.0 Armour
 + Level 5.0 Dodging
 + Level 2.0 Stealth
 + Level 2.0 Shields
 + Level 6.8 Unarmed Combat
 + Level 5.4 Spellcasting
 + Level 1.6 Conjurations
 + Level 1.6 Hexes
 + Level 1.6 Charms
 + Level 1.6 Summonings
 + Level 1.6 Necromancy
 + Level 1.6 Translocations
 + Level 4.1 Transmutations
 + Level 1.6 Fire Magic
 + Level 1.6 Ice Magic
 + Level 1.6 Air Magic
 + Level 1.6 Earth Magic
 + Level 1.6 Poison Magic
 + Level 2.2 Invocations
 + Level 2.0 Evocations


You had 11 spell levels left.
You knew the following spells:

 Your Spells              Type           Power        Failure   Level  Hunger
a - Beastly Appendage     Tmut           ###...       2%          1    None
b - Sticks to Snakes      Tmut           ###.....     4%          2    #......
c - Confusing Touch       Hex            #.....       8%          1    None

Your spell library contained the following spells:

 Spells                   Type           Power        Failure   Level  Hunger
 Animate Skeleton         Necr           N/A          8%          1    None
 Apportation              Tloc           #.....       8%          1    None
 Summon Small Mammal      Summ           #...         8%          1    None
 Spider Form              Tmut/Pois      ##........   14%         3    ###....
 Confuse                  Hex            #.......     22%         3    ###....
 Gell's Gravitas          Tloc           #.........   22%         3    ###....
 Ice Form                 Ice/Tmut       ##......     41%         4    ####...
 Petrify                  Tmut/Erth      ##......     41%         4    ####...
 Blade Hands              Tmut           ###.......   58%         5    ######.
 Yara's Violent Unravell  Hex/Tmut       ##........   77%         5    ######.
 Metabolic Englaciation   Hex/Ice        #.........   91%         5    ######.


Dungeon Overview and Level Annotations

Branches:
Dungeon (4/15)             Temple (1/1) D:4

Altars:
Ashenzari
Cheibriados
Dithmenos
Elyvilon
Fedhas
Gozag
Hepliaklqana
Kikubaaqudgha
Makhleb
Nemelex Xobeh
Okawaru
Qazlal
Ru
Sif Muna
Uskayaw
Vehumet
Wu Jian
Xom
Yredelemnul
Zin
The Shining One

Annotations:
D:4 Grinder


Innate Abilities, Weirdness & Mutations

Your experience applies equally to all skills.
You have very sharp teeth.
Your uncanny sense of smell can sniff out nearby items.
Your life essence is reduced to manifest your ancestor. (-10% HP)


Message History

Grinder hits you.
* * * LOW HITPOINT WARNING * * *
You writhe in agony.
* * * LOW HITPOINT WARNING * * *
You barely miss Grinder.
Grinder is heavily wounded.
The orc closely misses you. The orc misses you.
Grinder hits you but does no damage.
You hit Grinder but do no damage.
Your weapon exudes an aura of protection.
Grinder is heavily wounded.
The orc barely misses you.
The orc hits you from afar with a trident.
* * * LOW HITPOINT WARNING * * *
Grinder misses you. The orc barely misses you.
The orc hits you but does no damage.
You barely miss Grinder.
Grinder is heavily wounded.
Grinder barely misses you. Grinder hits you!
You die...

#... #...# #....
###########...# #....
###.............# #.....
##...#.....#########
......##..........# ##...##
#.........).#...### ##.....#
.....#..##oo#..# #.......
#).......##5#...# #.......
#.....###..@..#.#####)......
#..... #..).)..)..........#
#.... ........###..##.......
..##.##.####.#.....##.......
# . ... ###...###.##.......
#..## #...### #..#......#
#....#.# ##.#.#...##
........# #.....###
.......## ###.#..#


You could see Grinder and 2 orcs.

Vanquished Creatures
  2 centaur skeletons
  An orc wizard (D:4)
  An iguana (D:4)
  6 adders
  A howler monkey skeleton (D:4)
  2 oozes (D:3)
  2 worms
  A dart slug (D:1)
  2 leopard geckos
  8 orcs
  6 giant cockroaches
  A goblin (D:3)
  7 hobgoblins
  3 jackals (D:3)
  8 kobolds
  2 quokkas
  7 bats
  2 frilled lizards
  10 rats
72 creatures vanquished.

Vanquished Creatures (collateral kills)
  Edmund (D:4)
  An orc (D:4)
2 creatures vanquished.

Vanquished Creatures (others)
  An ancestor (D:4)
  A kobold (D:3)
  A frilled lizard (D:3)
3 creatures vanquished.

Grand Total: 77 creatures vanquished

Notes
Turn   | Place    | Note
-------+----------+-------------------------------------------
     0 | D:1      | Harpaggios the Gnoll Transmuter began the quest for the
                  | Orb.
     0 | D:1      | Reached XP level 1. HP: 17/17 MP: 6/6
   138 | D:1      | Reached XP level 2. HP: 14/23 MP: 5/7
   506 | D:1      | Found a sparkling altar of Nemelex Xobeh.
   947 | D:2      | Reached XP level 3. HP: 21/28 MP: 7/9
  1068 | D:2      | Reached skill level 5 in Spellcasting
  1074 | D:2      | Learned a level 2 spell: Sticks to Snakes
  1384 | D:2      | Reached skill level 1 in Invocations
  1420 | D:2      | Learned a level 1 spell: Confusing Touch
  1666 | D:3      | Reached skill level 1 in Short Blades
  1666 | D:3      | Reached skill level 1 in Long Blades
  1666 | D:3      | Reached skill level 1 in Axes
  1666 | D:3      | Reached skill level 1 in Maces & Flails
  1666 | D:3      | Reached skill level 1 in Polearms
  1666 | D:3      | Reached skill level 1 in Staves
  1666 | D:3      | Reached skill level 1 in Slings
  1666 | D:3      | Reached skill level 1 in Bows
  1666 | D:3      | Reached skill level 1 in Crossbows
  1666 | D:3      | Reached skill level 1 in Throwing
  1666 | D:3      | Reached skill level 1 in Armour
  1666 | D:3      | Reached skill level 1 in Stealth
  1666 | D:3      | Reached skill level 1 in Shields
  1666 | D:3      | Reached skill level 1 in Evocations
  1679 | D:3      | Reached XP level 4. HP: 29/34 MP: 11/11
  2163 | D:3      | Reached skill level 1 in Conjurations
  2163 | D:3      | Reached skill level 1 in Hexes
  2163 | D:3      | Reached skill level 1 in Charms
  2163 | D:3      | Reached skill level 1 in Summonings
  2163 | D:3      | Reached skill level 1 in Necromancy
  2163 | D:3      | Reached skill level 1 in Translocations
  2163 | D:3      | Reached skill level 1 in Fire Magic
  2163 | D:3      | Reached skill level 1 in Ice Magic
  2163 | D:3      | Reached skill level 1 in Air Magic
  2163 | D:3      | Reached skill level 1 in Earth Magic
  2163 | D:3      | Reached skill level 1 in Poison Magic
  2328 | D:3      | Reached XP level 5. HP: 36/40 MP: 10/12
  2824 | D:4      | Noticed Edmund
  2841 | D:4      | Killed Edmund
  2841 | D:4      | Reached XP level 6. HP: 28/47 MP: 7/13
  2986 | D:4      | Found a staircase to the Ecumenical Temple.
  3011 | Temple   | Entered the Ecumenical Temple
  3139 | Temple   | Became a worshipper of Hepliaklqana the Forgotten
  3187 | D:4      | Reached skill level 5 in Dodging
  3267 | D:4      | Noticed Grinder
  3276 | D:4      | Paralysed by Grinder for 3 turns
  3297 | D:4      | Slain by Grinder

Skill      XL: |  1  2  3  4  5  6 |
---------------+-------------------+-----
Spellcasting   | 5 |  5.4
Invocations    | 1 2 |  2.2
Short Blades   | 1 2 |  2.0
Long Blades    | 1 2 |  2.0
Axes           | 1 2 |  2.0
Maces & Flails | 1 2 |  2.0
Polearms       | 1 2 |  2.0
Staves         | 1 2 |  2.0
Slings         | 1 2 |  2.0
Bows           | 1 2 |  2.0
Crossbows      | 1 2 |  2.0
Throwing       | 1 2 |  2.0
Armour         | 1 2 |  2.0
Stealth        | 1 2 |  2.0
Shields        | 1 2 |  2.0
Evocations     | 1 2 |  2.0
Conjurations   | 1 |  1.6
Hexes          | 1 |  1.6
Charms         | 1 |  1.6
Summonings     | 1 |  1.6
Necromancy     | 1 |  1.6
Translocations | 1 |  1.6
Fire Magic     | 1 |  1.6
Ice Magic      | 1 |  1.6
Air Magic      | 1 |  1.6
Earth Magic    | 1 |  1.6
Poison Magic   | 1 |  1.6
Fighting       | 3 |  3.3
Transmutations | 4 |  4.1
Dodging        | 5 |  5.0
Unarmed Combat | |  6.8

Action                   |  1- 3 |  4- 6 || total
-------------------------+-------+-------++-------
Melee: Unarmed           |    92 |    94 ||   186
       Dagger            |     6 |       ||     6
       Bite              |    10 |    11 ||    21
       Kick              |     4 |    10 ||    14
       Headbutt          |     5 |     5 ||    10
       Punch             |     1 |     2 ||     3
       Dire flail        |       |    39 ||    39
 Cast: Beastly Appendage |    10 |    11 ||    21
       Sticks to Snakes  |       |     3 ||     3
  Use: Scroll            |     3 |     2 ||     5
       Potion            |       |     1 ||     1
 Stab: Sleeping          |     4 |     3 ||     7
       Distracted        |       |     1 ||     1
  Eat: Chunk             |     2 |     5 ||     7
Armor: Robe              |     7 |    21 ||    28
Dodge: Dodged            |    58 |   106 ||   164
